 Dungeon Crawl Stone Soup version 0.23-a0-338-g8ff0b24 (webtiles) character file.

88 epen the Sneak (level 4, 0/38 HPs)
             Began as a Gnoll Assassin on Oct 18, 2018.
             Slain by a rat (2 damage)
             ... in a sewer.
             The game lasted 00:03:56 (2557 turns).

epen the Sneak (Gnoll Assassin)                     Turns: 2557, Time: 00:03:56

Health: 0/38       AC: 15    Str: 14    XL:     4   Next: 53%
Magic:  5/5        EV: 12    Int: 13    God:
Gold:   140        SH:  0    Dex: 17    Spells: 5/5 levels left

rFire    . . .     SeeInvis .   i - +2 dagger (protect)
rCold    . . .     Gourm    .   (no shield)
rNeg     . . .     Faith    .   m - +0 ring mail
rPois    .         Spirit   .   (no helmet)
rElec    .         Reflect  .   d - +1 cloak
rCorr    .         Harm     .   (no gloves)
MR       .....                  n - +0 pair of boots
Stlth    +++.......             (no amulet)
HPRegen  0.12/turn              (no ring)
MPRegen  0.09/turn              (no ring)

@: protection aura
A: distributed training, fangs 1, strong nose
a: no special abilities


You were in a sewer.
You were not hungry.

You visited 1 branch of the dungeon, and saw 3 of its levels.
You also visited: Sewer.

You collected 140 gold pieces.

Inventory:

Hand Weapons
 a - a +2 dagger
 b - a +0 blowgun
 i - a +2 dagger of protection (weapon)
Missiles
 e - 19 poisoned needles
 f - 2 curare-tipped needles
Armour
 c - a +0 robe
 d - a +1 cloak (worn)
 m - a +0 ring mail (worn)
 n - a +0 pair of boots (worn)
Scrolls
 k - 4 scrolls of identify
Potions
 l - 2 potions of invisibility
 o - a potion of mutation {unknown}
 p - a potion of curing {unknown}
Comestibles
 g - 3 rations


   Skills:
 + Level 4.6 Fighting
 + Level 4.6 Short Blades
 + Level 1.1 Long Blades
 + Level 1.1 Axes
 + Level 1.1 Maces & Flails
 + Level 1.1 Polearms
 + Level 1.1 Staves
 + Level 1.1 Slings
 + Level 1.1 Bows
 + Level 1.1 Crossbows
 + Level 4.6 Throwing
 + Level 1.1 Armour
 + Level 2.7 Dodging
 + Level 7.8 Stealth
 + Level 1.1 Shields
 + Level 1.1 Unarmed Combat
 + Level 1.1 Spellcasting
 + Level 0.9 Conjurations
 + Level 0.9 Hexes
 + Level 0.9 Charms
 + Level 0.9 Summonings
 + Level 0.9 Necromancy
 + Level 0.9 Translocations
 + Level 0.9 Transmutations
 + Level 0.9 Fire Magic
 + Level 0.9 Ice Magic
 + Level 0.9 Air Magic
 + Level 0.9 Earth Magic
 + Level 0.9 Poison Magic
 + Level 1.2 Invocations
 + Level 1.1 Evocations


You had 5 spell levels left.
You didn't know any spells.
Your spell library was empty.

Dungeon Overview and Level Annotations

Branches:
Dungeon (3/15)

Altars:
Elyvilon
Fedhas
Nemelex Xobeh
Qazlal
Ru
Uskayaw
Vehumet
The Shining One


Innate Abilities, Weirdness & Mutations

Your experience applies equally to all skills.
You have very sharp teeth.
Your uncanny sense of smell can sniff out nearby items.


Message History

Your weapon exudes an aura of protection.
You kill the rat!
The rat bites you but does no damage.
You hit the rat but do no damage. The rat completely misses you.
You barely miss the rat. You bite the rat.
The rat is moderately wounded.
The rat bites you but does no damage.
Your ring mail prevents you from hitting the rat.
The rat is moderately wounded.
The river rat barely misses you. The rat barely misses you.
You hit the river rat but do no damage. The river rat bites you.
* * * LOW HITPOINT WARNING * * *
The rat closely misses you.
You completely miss the river rat. Your bite misses the river rat.
The river rat bites you!
* * * LOW HITPOINT WARNING * * *
You hit the river rat. Your bite misses the river rat.
The river rat is lightly wounded.
The rat bites you.
You die... ############### #r@r.∩.∩r..r..≈ ###############

You could see 2 river rats and a rat.

Vanquished Creatures
  2 adders
  3 worms
  A dart slug (D:3)
  5 leopard geckos
  4 orcs (D:3)
  3 giant cockroaches
  3 goblins
  9 hobgoblins
  2 jackals (D:3)
  A kobold (D:2)
  A quokka (D:3)
  5 bats
  5 frilled lizards
  5 rats
  A fungus (D:2)
50 creatures vanquished.

Notes
Turn   | Place    | Note
-------+----------+-------------------------------------------
     0 | D:1      | epen the Gnoll Assassin began the quest for the Orb.
     0 | D:1      | Reached XP level 1. HP: 20/20 MP: 1/1
   385 | D:1      | Reached XP level 2. HP: 26/26 MP: 2/2
  1112 | D:2      | Found a radiant altar of Vehumet.
  1260 | D:2      | Found a hide-covered altar of Uskayaw.
  1260 | D:2      | Noticed a glowing hand axe
  1260 | D:2      | Noticed a hand axe
  1388 | D:2      | Found a blossoming altar of Fedhas.
  1393 | D:2      | Found a stormy altar of Qazlal.
  1415 | D:2      | Reached XP level 3. HP: 31/31 MP: 3/3
  1529 | D:2      | Found a sacrificial altar of Ru.
  1787 | D:2      | Reached skill level 1 in Invocations
  2115 | D:3      | Found a white marble altar of Elyvilon.
  2252 | D:3      | Reached skill level 1 in Long Blades
  2252 | D:3      | Reached skill level 1 in Axes
  2252 | D:3      | Reached skill level 1 in Maces & Flails
  2252 | D:3      | Reached skill level 1 in Polearms
  2252 | D:3      | Reached skill level 1 in Staves
  2252 | D:3      | Reached skill level 1 in Slings
  2252 | D:3      | Reached skill level 1 in Bows
  2252 | D:3      | Reached skill level 1 in Crossbows
  2252 | D:3      | Reached skill level 1 in Armour
  2252 | D:3      | Reached skill level 1 in Shields
  2252 | D:3      | Reached skill level 1 in Unarmed Combat
  2252 | D:3      | Reached skill level 1 in Spellcasting
  2252 | D:3      | Reached skill level 1 in Evocations
  2252 | D:3      | Reached XP level 4. HP: 38/38 MP: 5/5
  2255 | D:3      | Found a glowing golden altar of the Shining One.
  2313 | D:3      | Found a sparkling altar of Nemelex Xobeh.
  2502 | D:3      | Found a glowing drain.
  2545 | Sewer    | Entered a sewer
  2557 | Sewer    | Slain by a rat

Vault maps used:
D:1:      dpeg_arrival_stone_temple_mockup
D:2:      grunt_temple_overflow_forces_of_nature, dancing_weapons_uskayaw,
          vehumet_crystals, nicolae_ru_path_of_blood, serial_bayou_lake_a
D:3:      kennysheep_ying_yang, nemelex_xobeh_ov_fountains_minmay, first_ration,
          gup_sewer_entry_pipe, tso_metal_star
Sewer:    sewer_kobolds

Skill      XL: |  1  2  3 |
---------------+----------+-----
Invocations    | 1 |  1.2
Long Blades    | 1 |  1.1
Axes           | 1 |  1.1
Maces & Flails | 1 |  1.1
Polearms       | 1 |  1.1
Staves         | 1 |  1.1
Slings         | 1 |  1.1
Bows           | 1 |  1.1
Crossbows      | 1 |  1.1
Armour         | 1 |  1.1
Shields        | 1 |  1.1
Unarmed Combat | 1 |  1.1
Spellcasting   | 1 |  1.1
Evocations     | 1 |  1.1
Fighting       | |  4.6
Short Blades   | |  4.6
Throwing       | |  4.6
Dodging        | |  2.7
Stealth        | |  7.8
Conjurations   | |  0.9
Hexes          | |  0.9
Charms         | |  0.9
Summonings     | |  0.9
Necromancy     | |  0.9
Translocations | |  0.9
Transmutations | |  0.9
Fire Magic     | |  0.9
Ice Magic      | |  0.9
Air Magic      | |  0.9
Earth Magic    | |  0.9
Poison Magic   | |  0.9

Action                   |  1- 3 |  4- 6 || total
-------------------------+-------+-------++-------
Melee: Dagger            |   137 |    79 ||   216
       Bite              |     9 |     8 ||    17
  Use: Scroll            |     4 |       ||     4
 Stab: Sleeping          |    12 |     5 ||    17
  Eat: Chunk             |     4 |     1 ||     5
Armor: Robe              |     6 |       ||     6
       Ring mail         |    28 |    40 ||    68
Dodge: Dodged            |    54 |    73 ||   127

Table legend:
 A = Non-vault XP
 B = Vault XP
 C = Vault XP percentage of total XP
 D = Non-vault monster count
 E = Vault monster count
 F = Vault count percentage of total count
                 A         B        C        D         E       F
            +---------+---------+-------+---------+---------+-------
      Total |     111 |      15 |  11.9 |      43 |       6 |  12.2
            +---------+---------+-------+---------+---------+-------
        D:1 |      25 |       0 |   0.0 |      16 |       0 |   0.0
        D:2 |      35 |       0 |   0.0 |      12 |       0 |   0.0
        D:3 |      51 |      14 |  21.5 |      15 |       5 |  25.0
      Sewer |       0 |       1 | 100.0 |       0 |       1 | 100.0
            +---------+---------+-------+---------+---------+-------
